 Dungeon Crawl Stone Soup version 0.30-a0-585-g93115170b9 (webtiles) character file.

Game seed: 10457246899192675230

2275 bande the Cleaver (level 9, -5/55 HPs)
             Began as a Gargoyle Fighter on Jan 2, 2023.
             Was a Follower of Okawaru.
             Killed from afar by Maggie (17 damage)
             ... with a bolt of fire
             ... on level 6 of the Dungeon.
             The game lasted 00:08:53 (4377 turns).

bande the Cleaver (Gargoyle Fighter)                Turns: 4377, Time: 00:08:53

Health: -5/55      AC: 26    Str: 26    XL:     9   Next: 39%
Magic:  11/11      EV:  7    Int:  9    God:    Okawaru [*.....]
Gold:   363        SH:  5    Dex: 13    Spells: 8/8 levels left

rFire   . . .      SeeInvis .    a - +0 war axe
rCold   . . .      Faith    .    c - +0 buckler
rNeg    + . .      Spirit   .    f - +0 plate armour
rPois   ∞          Reflect  .    p - +0 helmet
rElec   +          Harm     .    j - +1 cloak
rCorr   .          Rampage  .    (no gloves)
Will    .....                    (no boots) Stlth
                                 (no amulet)
HPRegen 0.29/turn                i - +4 ring of protection
MPRegen 0.12/turn                k - +6 ring of strength

@: no status effects
A: sickness immunity, AC +6, negative energy resistance 1, electricity
resistance, torment resistance 1, petrification resistance
a: Renounce Religion, Heroism


You were on level 6 of the Dungeon.
You worshipped Okawaru.
Okawaru was aware of your devotion.
You visited 2 branches of the dungeon, and saw 7 of its levels.

You collected 363 gold pieces.

Inventory:

Hand Weapons
 a - a +0 war axe (weapon)
 l - a +0 executioner's axe of venom
 q - a +0 flail
Missiles
 g - 2 throwing nets (quivered)
Armour
 c - a +0 buckler (worn)
 f - a +0 plate armour (worn)
 j - a +1 cloak (worn)
 p - a +0 helmet (worn)
Jewellery
 i - a +4 ring of protection (left hand)
 k - a +6 ring of strength (right hand)
Scrolls
 b - 2 scrolls of blinking
 d - a scroll of magic mapping
 m - 3 scrolls of teleportation
 s - a scroll of enchant armour
 t - a scroll of fog
Potions
 e - 4 potions of curing
 h - a potion of brilliance
 n - 2 potions of berserk rage
 o - a potion of magic
 r - a potion of mutation
 u - a potion of cancellation {unknown}
 v - a potion of attraction {unknown}


   Skills:
 + Level 6.1 Fighting
 + Level 8.4 Axes
 + Level 6.2 Armour
 + Level 5.3 Shields
 * Level 2.7 Invocations


You had 8 spell levels left.
You didn't know any spells.
Your spell library contained the following spells:

 Spells                   Type           Power      Damage    Failure   Level
 Magic Dart               Conj           0%         1d3       99%         1
 Sandblast                Erth           0%         2d4       99%         1
 Passwall                 Tmut/Erth      0%         N/A       100%        2
 Mephitic Cloud           Conj/Pois/Air  0%         N/A       100%        3
 Stone Arrow              Conj/Erth      0%         3d7       100%        3
 Passage of Golubria      Tloc           0%         N/A       100%        4
 Yara's Violent Unravell  Hex/Tmut       0%         3d3       100%        5
 Call Imp                 Summ           Unusable   N/A       N/A         2
 Tukima's Dance           Hex            Unusable   N/A       N/A         3

Dungeon Overview and Level Annotations

Branches:
Dungeon (6/15)             Temple (1/1) D:5

Altars:
Ashenzari
Fedhas
Gozag
Nemelex Xobeh
Okawaru
Trog
Uskayaw
Vehumet
The Shining One

Shops:
D:1 :   D:2 =!

Annotations:
D:6 Maggie


Innate Abilities, Weirdness & Mutations

You are immune to sickness and miasma.
Your stone body is resilient. (AC +6)
You are immune to poison.
You resist negative energy. (rN+)
You are resistant to electric shocks. (rElec)
You are resistant to unholy torment.
You are immune to petrification.


Message History

You are too injured to fight recklessly!
You are too injured to fight recklessly!
You are too injured to fight recklessly!
You are too injured to fight recklessly!
You are too injured to fight recklessly!
You are too injured to fight recklessly!
You are too injured to fight recklessly!
You are too injured to fight recklessly!
You are too injured to fight recklessly!
You are too injured to fight recklessly!
You closely miss Maggie.
Maggie is severely wounded.
Maggie barely misses you.
You hit Maggie but do no damage.
Maggie is severely wounded.
Maggie gestures wildly while chanting.
Maggie attempts to bespell you! You resist with some effort.
You closely miss Maggie.
Maggie is severely wounded.
Maggie casts a spell at you. The bolt of fire hits you!
Maggie hits you but does no damage.
You barely miss Maggie.
Maggie is severely wounded.
Maggie hits you but does no damage.
You completely miss Maggie.
Maggie is severely wounded.
Maggie mumbles some strange words.
Maggie attempts to bespell you!
You are mesmerised by Maggie!
You closely miss Maggie.
Maggie is severely wounded.
Maggie zaps a wand.
The bolt of dispelling energy hits you!
Your magical effects are unravelling.
* * * LOW HITPOINT WARNING * * *
You hit Maggie but do no damage.
Maggie is severely wounded.
You break out of your daze.
Maggie gestures at you while chanting. The bolt of fire hits you!
You die...

#.......###..........##..
######..# #####.........#
#..# ########..# #..# ##
#####.. #..# #.#
###...... #..# #..#
#......>. #..##...#
#........ #..#@...#
#........ #..@..(#
#......<. ##....##
#........ #..###
##....... #.## #.......
#.# ##...... #.# ###....
..# ####. ... ##


You could see Maggie.

Vanquished Creatures
  Pikel (D:4)
  Eustachio (D:4)
  2 water moccasins (D:5)
  An orc warrior (D:6)
  3 ice beasts
  An ogre (D:6)
  2 phantoms
  A kobold brigand (D:6)
  2 necrophages (D:6)
  A scorpion (D:5)
  A killer bee (D:5)
  A crimson imp (D:6)
  A hound (D:5)
  2 jellies
  6 iguanas
  Crazy Yiuf (D:3)
  2 orc wizards (D:6)
  3 adders
  A white imp (D:5)
  An ufetubus (D:5)
  3 worms
  2 dart slugs
  16 orcs
  3 bats
  3 endoplasms
  3 giant cockroaches
  8 goblins
  12 hobgoblins
  2 jackals (D:4)
  6 quokkas
  6 ball pythons
  5 frilled lizards
  4 goblin skeletons (D:6)
  A goblin zombie (D:6)
  A hobgoblin zombie (D:6)
  8 kobolds
  2 kobold skeletons (D:6)
  A kobold zombie (D:6)
  2 orc skeletons (D:6)
  5 orc zombies (D:6)
  3 rats
130 creatures vanquished.

Vanquished Creatures (others)
  A plant (D:1)
1 creature vanquished.

Grand Total: 131 creatures vanquished

Notes
Turn   | Place    | Note
-------+----------+-------------------------------------------
     0 | D:1      | bande the Gargoyle Fighter began the quest for the Orb.
     0 | D:1      | Reached XP level 1. HP: 14/14 MP: 1/1
     7 | D:1      | Found Uppang's Book Shoppe.
    98 | D:1      | Reached XP level 2. HP: 18/19 MP: 2/2
   301 | D:1      | Reached skill level 2 in Axes
   662 | D:2      | Found Piozus's Jewellery Boutique.
   721 | D:2      | Reached XP level 3. HP: 24/24 MP: 3/3
   722 | D:2      | Found Ytagim's Distillery.
  1353 | D:3      | Found a runed translucent door.
  1354 | D:3      | Noticed Crazy Yiuf
  1398 | D:3      | Found an opulent altar of Gozag.
  1432 | D:3      | Reached XP level 4. HP: 25/29 MP: 4/4
  1694 | D:3      | Killed Crazy Yiuf
  1695 | D:3      | Reached skill level 3 in Axes
  1772 | D:4      | Reached XP level 5. HP: 31/33 MP: 5/5
  1891 | D:4      | Noticed Eustachio
  1909 | D:4      | Killed Eustachio
  1910 | D:4      | Reached skill level 4 in Axes
  1910 | D:4      | Reached XP level 6. HP: 38/38 MP: 6/6
  1910 | D:4      | Found a broken altar of Ashenzari.
  2044 | D:4      | Noticed Pikel
  2067 | D:4      | Killed Pikel
  2068 | D:4      | Reached skill level 5 in Fighting
  2068 | D:4      | Reached skill level 6 in Axes
  2068 | D:4      | Reached skill level 5 in Armour
  2068 | D:4      | Reached XP level 7. HP: 20/44 MP: 7/7
  2589 | D:5      | Entered Level 5 of the Dungeon
  2665 | D:5      | Reached XP level 8. HP: 42/49 MP: 8/8
  2925 | D:5      | Identified a scroll of acquirement
  2925 | D:5      | Acquired a +0 executioner's axe of venom
  3171 | D:5      | Reached skill level 7 in Axes
  3171 | D:5      | Reached skill level 5 in Shields
  3213 | D:5      | Found a hide-covered altar of Uskayaw.
  3432 | D:5      | Found a staircase to the Ecumenical Temple.
  3498 | Temple   | Entered the Ecumenical Temple
  3542 | Temple   | Became a worshipper of Warmaster Okawaru
  3789 | D:6      | Found a glowing golden altar of the Shining One.
  3809 | D:6      | Reached skill level 1 in Invocations
  3815 | D:6      | Reached XP level 9. HP: 54/55 MP: 8/10
  4012 | D:6      | Reached * piety under Okawaru
  4013 | D:6      | Reached skill level 8 in Axes
  4358 | D:6      | Noticed Maggie
  4377 | D:6      | Killed from afar by Maggie

Illustrated notes

Levels and vault maps discovered:
D:1:      wander_arrival_fairy_ring, layout_basic, serial_shops, shop_fountains
D:2:      layout_rooms, serial_shops,
          nicolae_shop_temple_entry_statues_fountains, nicolae_diamond_shop
D:3:      layout_rooms, lemuel_round_altar, serial_corexii_hall,
          corexii_hall_statues_i, corexii_hall_statues_x,
          minmay_misc_feat_secret_circle, minmay_cut_off,
          uniq_crazy_yiuf_cottage
D:4:      layout_cave_pools, nicolae_ashenzari_panopticon, uniq_pikel,
          uniq_eustachio
D:5:      layout_layer_cave, nicolae_overflow_crystal_walls,
          minmay_temple_entry_arrows, portal_sewer_entry_f,
          kennysheep_generic_room_2
D:6:      layout_cave_pods, tgw_xom, nicolae_tso_besieged_by_evil, uniq_maggie
Temple:   hellmonk_temple_flake

Skill      XL: |  1  2  3  4  5  6  7  8  9 |
---------------+----------------------------+-----
Axes           | 2 3 4 6 7 8 |  8.4
Armour         | 4 5 6 |  6.2
Fighting       | 4 5 6 |  6.1
Shields        | 4 5 |  5.3
Invocations    | 1 2 |  2.7

Action                   |  1- 3 |  4- 6 |  7- 9 || total
-------------------------+-------+-------+-------++-------
Melee: War axe           |   111 |    92 |   271 ||   474
  Use: Scroll            |     8 |       |     7 ||    15
       Potion            |       |     3 |       ||     3
Armor: Scale mail        |     9 |       |       ||     9
       Plate armour      |    72 |    69 |   205 ||   346
Dodge: Dodged            |    40 |    29 |    87 ||   156
Block: Buckler           |    23 |    27 |    71 ||   121

Table legend: (Time is in decaauts)
 A = Elapsed time spent in this place.
 B = Non-inter-level travel time spent in this place.
 C = Inter-level travel time spent in this place.
 D = Time resting spent in this place.
 E = Time spent auto-exploring this place.
 F = Levels seen in this place.
 G = Mean time per level.
                   A        B        C        D        E       F      G
               +--------+--------+--------+--------+--------+-----+--------+
         Total |   4504 |   4350 |    154 |     69 |   3107 |   7 |  643.4 |
       Dungeon |   4449 |   4295 |    154 |     69 |   3079 |   6 |  741.5 |
        Temple |     55 |     55 |      0 |      0 |     28 |   1 |   55.0 |
               +--------+--------+--------+--------+--------+-----+--------+

Top non-repeatable levels by time:
     D:5: 1083 daAuts
     D:4: 863 daAuts
     D:6: 696 daAuts
     D:1: 681 daAuts
     D:3: 662 daAuts
     D:2: 461 daAuts
  Temple: 55 daAuts
